Map: Deathaura LE

Players

oGsForGG

  • Race: Terran Terran
  • League: Master
  • Spawn Location: 11:00

IIIIIIIIIIII - Winner!

  • Race: Terran Terran
  • League: Master
  • Spawn Location: 5:00

VOD

Have the link to the VOD?

Description

Time

  • Played on: Jan. 28, 2021, 9:21 p.m.
  • Length: 10:29
Show
View Real Time Build Order
Export as new Build Order

oGsForGG Terran 

Build Orders: Mech 

Get SALT Encoding   

  12  0:00  SCV  
  13  0:12  SCV  
  14  0:17  Supply Depot  
  14  0:24  SCV  
  15  0:29  Refinery  
  15  0:38  SCV  
  16  0:45  Barracks  
  16  0:50  SCV  
  16  0:55  Refinery  
  17  1:02  SCV  
  18  1:14  SCV  
  19  1:32  Reaper, Orbital Command  
  20  1:35  Factory  
  20  1:42  Supply Depot  
  20  1:57  SCV  
  21  2:04  Reaper  
  22  2:09  SCV  
  23  2:18  Hellion  
  23  2:21  SCV  
  26  2:27  Command Center  
  26  2:33  SCV  
  26  2:36  Barracks Reactor  
  27  2:40  Factory Tech Lab  
  27  2:46  SCV  
  27  2:47  Starport  
  28  2:52  Supply Depot  
  28  3:00  Cyclone  
  29  3:21  Marine  
  29  3:22  Marine  
  29  3:23  SCV  
  32  3:31  Refinery  
  32  3:35  SCV  
  32  3:39  Factory Tech Lab, Orbital Command  
  33  3:43  Marine x2  
  33  3:47  SCV, Raven  
  36  3:59  SCV  
  36  4:01  Marine x2, Siege Tank  
  42  4:03  Supply Depot  
  42  4:05  SCV  
  43  4:11  SCV  
  43  4:15  Supply Depot  
  44  4:17  SCV  
  44  4:20  Marine x2  
  47  4:25  SCV  
  47  4:29  SCV  
  47  4:30  Raven  
  51  4:37  SCV  
  51  4:38  Marine x2  
  52  4:40  Siege Tank  
  52  4:41  SCV  
  58  4:47  Supply Depot  
  58  4:49  SCV  
  59  4:53  SCV  
  59  4:56  Marine x2  
  62  5:02  Command Center  
  62  5:06  SCV x2  
  62  5:12  Refinery  
  62  5:15  Siege Tank  
  62  5:18  SCV x2  
  65  5:31  SCV x2  
  65  5:33  Viking x2  
  71  5:43  SCV x2  
  73  5:51  Supply Depot x2  
  73  5:55  SCV x2  
  73  5:56  Siege Tank  
  78  6:12  Viking x2, SCV x2  
  78  6:16  Barracks Reactor  
  78  6:17  Orbital Command  
  84  6:19  Factory x2  
  84  6:25  SCV x2  
  85  6:34  Refinery  
  85  6:37  SCV x2  
  85  6:38  Refinery  
  87  6:44  Viking x2  
  89  6:47  SCV  
  89  6:49  SCV x2  
  89  6:50  Siege Tank  
  93  6:59  SCV, Armory  
  93  7:00  Armory  
  93  7:01  SCV x2  
  96  7:08  Siege Tank  
  99  7:11  SCV  
  99  7:13  SCV x2  
  99  7:15  Supply Depot x2  
  102  7:23  Viking x2, SCV  
  102  7:25  SCV x2  
  109  7:36  SCV  
  110  7:37  SCV x2  
  110  7:40  Command Center  
  112  7:46  Supply Depot x2, Engineering Bay  
  112  7:50  Terran Vehicle Weapons Level 1, Terran Vehicle And Ship Armor Level 1  
  112  7:51  SCV x3  
  114  7:55  Siege Tank  
  114  7:56  Siege Tank  
  121  7:58  Supply Depot  
  121  8:00  Supply Depot  
  121  8:09  Starport Reactor  
  121  8:13  Factory  
  121  8:15  SCV  
  121  8:16  SCV x2  
  121  8:19  Factory  
  108  8:28  Siege Tank x2  
  114  8:36  Hellion x2  
  112  8:55  Viking x2  
  116  8:57  Hellion x2, SCV x2  
  116  9:00  Siege Tank x2  
  116  9:01  Hellion x2  
  133  9:04  Factory Tech Lab  
  133  9:06  Supply Depot  
  132  9:13  Refinery  
  132  9:16  Refinery  
  132  9:23  Thor  
  138  9:27  Planetary Fortress, Orbital Command  
  138  9:32  Thor  
  138  9:37  Thor  
  138  9:38  Hellion x3  
  156  9:46  Viking x2  
Show
View Real Time Build Order
Export as new Build Order

IIIIIIIIIIII Terran - Winner!

Build Orders: Cyclone Opening 

Get SALT Encoding   

  12  0:00  SCV  
  13  0:12  SCV  
  14  0:16  Supply Depot  
  14  0:24  SCV  
  15  0:38  SCV  
  15  0:39  Barracks  
  16  0:44  Refinery  
  16  0:50  SCV  
  16  0:53  Refinery  
  17  1:02  SCV  
  18  1:14  SCV  
  19  1:27  Reaper, Orbital Command  
  19  1:32  Supply Depot  
  20  1:41  Factory  
  20  1:53  SCV  
  21  1:59  Reaper  
  22  2:05  SCV  
  23  2:16  Command Center  
  23  2:19  SCV  
  24  2:25  Hellion  
  26  2:31  SCV  
  26  2:35  Supply Depot  
  26  2:36  Barracks Tech Lab  
  27  2:43  Starport  
  27  2:45  SCV  
  28  2:57  SCV  
  29  2:59  Cyclone  
  29  3:00  Barracks Tech Lab  
  32  3:09  SCV  
  29  3:21  SCV  
  30  3:33  SCV  
  31  3:34  Barracks Reactor  
  31  3:35  Refinery  
  31  3:37  Banshee  
  33  3:44  Orbital Command  
  33  3:46  SCV  
  33  3:48  Cyclone  
  37  3:58  SCV  
  38  4:10  SCV  
  38  4:11  Command Center, SCV  
  38  4:15  Marine  
  38  4:16  Marine  
  42  4:21  Raven  
  42  4:22  SCV  
  42  4:23  SCV  
  46  4:29  Supply Depot  
  46  4:34  Siege Tank  
  46  4:37  SCV  
  46  4:38  SCV  
  51  4:40  Marine  
  51  4:41  Marine  
  53  4:50  SCV x2  
  55  4:54  Supply Depot  
  55  5:06  Marine x2  
  55  5:07  Raven  
  55  5:10  SCV x2  
  55  5:12  Siege Tank  
  62  5:16  Refinery  
  62  5:17  Supply Depot  
  62  5:22  SCV x2  
  62  5:24  Marine x2, Orbital Command  
  66  5:34  SCV x2  
  68  5:40  Supply Depot  
  68  5:42  Supply Depot  
  68  5:44  Siege Tank  
  68  5:46  SCV  
  72  5:54  SCV x2  
  72  5:57  Viking x2, Marine  
  76  5:59  SCV  
  80  6:06  SCV x2  
  82  6:11  SCV  
  82  6:17  Stimpack  
  82  6:18  SCV x2  
  85  6:19  Barracks  
  85  6:20  Barracks, Siege Tank  
  85  6:23  SCV  
  89  6:29  Viking x2  
  89  6:30  SCV  
  90  6:41  SCV  
  90  6:45  SCV  
  90  6:46  SCV  
  92  6:49  Marine  
  92  6:53  SCV  
  94  6:58  SCV x2  
  94  6:59  Viking x2, Siege Tank  
  103  7:03  Engineering Bay  
  103  7:04  Supply Depot  
  103  7:05  SCV, Engineering Bay  
  103  7:07  Barracks Reactor x2, Marine  
  105  7:10  SCV x2  
  107  7:19  SCV  
  107  7:22  SCV  
  109  7:24  Barracks x2  
  109  7:26  SCV, Marine  
  109  7:27  Supply Depot  
  109  7:28  Supply Depot  
  109  7:29  Viking  
  113  7:31  Viking, SCV  
  113  7:34  Terran Infantry Weapons Level 1, SCV  
  113  7:35  Terran Infantry Armor Level 1  
  117  7:49  Supply Depot, SCV x3  
  117  7:50  Supply Depot  
  120  7:52  Refinery  
  120  7:53  Refinery  
  120  7:56  Command Center  
  120  8:01  SCV  
  121  8:05  SCV  
  121  8:06  SCV  
  121  8:07  Marine x4  
  121  8:10  Viking x2  
  131  8:19  SCV  
  128  8:29  SCV x2  
  128  8:31  Barracks Tech Lab x2  
  130  8:38  Command Center  
  130  8:39  Sensor Tower  
  134  8:43  Liberator x2  
  134  8:44  Marine x4  
  134  8:45  Marauder  
  134  8:46  Combat Shield  
  139  8:50  Armory  
  139  8:51  Supply Depot  
  139  8:53  Supply Depot  
  139  8:55  Siege Tank  
  138  8:57  SCV  
  139  9:03  Barracks  
  139  9:04  Marauder  
  139  9:05  Marine x2  
  139  9:06  Marine  
  139  9:07  Barracks x2  
  139  9:09  Orbital Command  
  144  9:21  SCV x2  
  144  9:22  SCV  
  147  9:26  Sensor Tower  
  147  9:29  Medivac  
  147  9:30  Medivac, Marine x2  
  147  9:31  Marine x2  
  155  9:32  Marauder x2  
  155  9:33  SCV  
  155  9:35  Marauder  
  162  9:40  Fusion Core, SCV  
  162  9:42  SCV  
  164  9:53  SCV  
  164  9:55  SCV x2  
  167  10:04  Marine x4, Barracks Tech Lab  
  167  10:05  Barracks Reactor, Barracks Tech Lab  
  168  10:08  Marauder x2  
Tags
 
Composition
Mech
Matchup
TvT
Race
Terran
Spawn Locations
Cross Positions
Add a new tag
Caveats
  • Supply blocks, unpowered buildings, or Contaminate may cause inaccurate times.
  • Supply counts are checked every 10 seconds.